 Dungeon Crawl Stone Soup version 0.24-a0-525-g9231cdcba1 (webtiles) character file.

Game seed: 12477598614824871188

233 Mithandil the Conjurer (level 5, -2/28 HPs)
             Began as a Deep Elf Conjurer on Aug 1, 2019.
             Slain by an iguana (11 damage)
             ... on level 4 of the Dungeon.
             The game lasted 00:25:43 (2523 turns).

Mithandil the Conjurer (Deep Elf Conjurer)          Turns: 2523, Time: 00:25:43

Health: -2/28      AC:  4    Str:  6    XL:     5   Next: 75%
Magic:  3/13       EV: 13    Int: 20    God:
Gold:   112        SH:  0    Dex: 15    Spells: 2/13 levels left

rFire    . . .     SeeInvis +   a - +0 dagger
rCold    . . .     Gourm    +   (no shield)
rNeg     . . .     Faith    .   j - +0 leather armour
rPois    .         Spirit   .   (no helmet)
rElec    .         Reflect  .   (no cloak)
rCorr    .         Harm     .   p - +0 pair of gloves
MR       .....                  (no boots)
Stlth    ++........             l - amulet of the gourmand
HPRegen  0.09/turn              z - ring of see invisible
MPRegen  0.13/turn              (no ring)

@: no status effects
A: no striking features
a: no special abilities


You were on level 4 of the Dungeon.
You were completely stuffed.

You visited 1 branch of the dungeon, and saw 5 of its levels.

You collected 112 gold pieces.

Inventory:

Hand Weapons
 a - a +0 dagger (weapon)
 b - a +0 shortbow
 d - a +0 short sword
Missiles
 k - 24 arrows
 q - 5 atropa-tipped darts
 E - 2 boomerangs (quivered)
Armour
 j - a +0 leather armour (worn)
 o - a +0 robe
 p - a +0 pair of gloves (worn)
Jewellery
 l - an amulet of the gourmand (around neck)
 z - a ring of see invisible (left hand)
Scrolls
 g - a scroll of blinking {unknown}
 i - 6 scrolls of remove curse
 m - 3 scrolls of identify
 r - a scroll of teleportation
 t - a scroll of immolation {unknown}
 u - 3 scrolls of amnesia
 v - a scroll of enchant armour {unknown}
 w - a scroll of magic mapping {unknown}
 y - a scroll of fear {unknown}
 D - a scroll of fog {unknown}
Potions
 f - a potion of brilliance {unknown}
 h - a potion of haste {unknown}
 n - a potion of agility
 s - a potion of ambrosia {unknown}
 x - a potion of heal wounds
 A - a potion of flight {unknown}
 C - a potion of berserk rage {unknown}
Comestibles
 c - 6 rations
 B - a chunk of flesh


   Skills:
 * Level 1.7 Short Blades
 * Level 2.3 Throwing
 + Level 3.4 Dodging
 + Level 3.3 Stealth
 * Level 4.6 Spellcasting
 * Level 5.3 Conjurations
 + Level 0.0 Translocations


You had 2 spell levels left.
You knew the following spells:

 Your Spells              Type           Power        Failure   Level  Hunger
a - Magic Dart            Conj           ####         2%          1    None
b - Searing Ray           Conj           ####..       3%          2    #......
c - Force Lance           Conj/Tloc      ###.....     54%         4    ####...
d - Iskenderun's Mystic   Conj           ####....     22%         4    ####...

Your spell library contained the following spells:

 Spells                   Type           Power        Failure   Level  Hunger
 Dazzling Spray           Conj/Hex       ###...       19%         3    ##.....
 Fulminant Prism          Conj/Hex       ###.......   54%         4    ####...


Dungeon Overview and Level Annotations

Branches:
Dungeon (5/15)             Temple (0/1) D:4

Altars:
Yredelemnul

Annotations:
D:1 exclusion: 2 downstairs
D:2 Sigmund


Message History

There is a stone staircase leading up here.
Casting: Magic Dart (safe; 2% risk of failure)
Confirm with . or Enter, or press ? or * to list all spells.
Aiming: Searing Ray (safe; 3% risk of failure)
Press: ? - help, Shift-Dir - straight line, f - iguana
Aim: an iguana The searing ray misses the iguana. (Press . to maintain the ray.)
The orc shouts!
You hear an angry hiss.
The iguana misses you.
The searing ray hits the iguana.
The iguana is lightly wounded.
The iguana bites you!
The searing ray hits the iguana.
The iguana is lightly wounded.
The iguana closely misses you.
The searing ray hits the iguana!
The iguana is almost dead.
You finish channeling your searing ray.
The iguana bites you!
You die...

....................
....................
....................
....................
..............8.8.8.
..........)...⌠.⌠.⌠.
....................
..>....l........>...
......[@............
....................
....................
..........o.......o.
....................
.................
..$.............
...............


You could see an iguana and an orc.

Vanquished Creatures
  An ogre (D:4)
  A hound (D:3)
  A worker ant (D:3)
  3 adders
  2 oozes
  2 dart slugs (D:1)
  3 orcs (D:3)
  4 giant cockroaches
  2 gnoll zombies (D:2)
  7 goblins
  6 hobgoblins
  3 jackals (D:1)
  7 kobolds
  11 bats
  4 frilled lizards
  2 rats
59 creatures vanquished.

Notes
Turn   | Place    | Note
-------+----------+-------------------------------------------
     0 | D:1      | Mithandil the Deep Elf Conjurer began the quest for the
                  | Orb.
     0 | D:1      | Reached XP level 1. HP: 10/10 MP: 6/6
     8 | D:2      | Noticed Sigmund
   587 | D:1      | Reached XP level 2. HP: 15/15 MP: 6/8
   722 | D:2      | Reached skill level 1 in Throwing
   765 | D:1      | Reached XP level 3. HP: 13/19 MP: 2/10
   769 | D:1      | Learned a level 2 spell: Searing Ray
  1362 | D:2      | Found a basalt altar of Yredelemnul.
  1930 | D:3      | Reached skill level 5 in Conjurations
  1930 | D:3      | Reached XP level 4. HP: 17/24 MP: 4/12
  1943 | D:3      | Reached skill level 1 in Short Blades
  2149 | D:4      | Noticed an ogre
  2371 | D:5      | Entered Level 5 of the Dungeon
  2422 | D:4      | Found a staircase to the Ecumenical Temple.
  2431 | D:4      | Killed an ogre
  2431 | D:4      | Reached XP level 5. HP: 28/28 MP: 6/13
  2466 | D:3      | Learned a level 4 spell: Force Lance
  2471 | D:3      | Learned a level 4 spell: Iskenderun's Mystic Blast
  2523 | D:4      | Slain by an iguana

Levels and vault maps discovered:
D:1:      elethiomel_arrival_shortcut, layout_basic, minmay_tetromino_i4
D:2:      layout_rooms, lemuel_zombie_altar_yredelemnul, uniq_sigmund
D:3:      layout_basic, minmay_starry_boxes
D:4:      layout_basic, minmay_temple_entry_drinking_statues, first_ration,
          corexii_corridor_pit, st_stairs_9
D:5:      layout_cave_pools, nicolae_dithmenos_through_a_glass_darkly,
          uniq_pikel, uniq_duvessa

Skill      XL: |  1  2  3  4 |
---------------+-------------+-----
Throwing       | 1 2 |  2.3
Dodging        | 3 |  3.4
Spellcasting   | 4 |  4.6
Conjurations   | 5 |  5.3
Short Blades   | 1 |  1.7
Stealth        | 3 |  3.3

Action                   |  1- 3 |  4- 6 || total
-------------------------+-------+-------++-------
Melee: Short sword       |    15 |       ||    15
       Hand axe          |     3 |       ||     3
       Dagger            |    35 |    12 ||    47
 Cast: Magic Dart        |    75 |    37 ||   112
       Searing Ray       |     2 |     4 ||     6
  Use: Potion            |     2 |     3 ||     5
       Scroll            |       |     4 ||     4
 Stab: Sleeping          |     3 |     1 ||     4
  Eat: Chunk             |    15 |     2 ||    17
Armor: Leather armour    |    28 |     3 ||    31
Dodge: Dodged            |    57 |    19 ||    76

Table legend:
 A = Non-vault XP
 B = Vault XP
 C = Vault XP percentage of total XP
 D = Non-vault monster count
 E = Vault monster count
 F = Vault count percentage of total count
                 A         B        C        D         E       F
            +---------+---------+-------+---------+---------+-------
      Total |     269 |      65 |  19.5 |      51 |       8 |  13.6
            +---------+---------+-------+---------+---------+-------
        D:1 |      28 |       6 |  17.6 |      14 |       3 |  17.6
        D:2 |      42 |       3 |   6.7 |      16 |       2 |  11.1
        D:3 |      86 |      56 |  39.4 |      20 |       3 |  13.0
        D:4 |     113 |       0 |   0.0 |       1 |       0 |   0.0
            +---------+---------+-------+---------+---------+-------
